 Dungeon Crawl Stone Soup version 0.18-a0-846-g91b95b1 (webtiles) character file.

91128 Gorice the Ripper (level 15, -3/80 HPs)
             Began as a Felid Wanderer on Dec 18, 2015.
             Was the Champion of Dithmenos.
             Killed by drain life
             ... invoked by a soul eater
             ... summoned by a deep elf sorcerer
              (14 damage)
             ... on level 1 of the Elven Halls on Dec 20, 2015.
             The game lasted 04:41:50 (57551 turns).

Gorice the Ripper (Felid Wanderer)                 Turns: 57551, Time: 04:41:50

Health: -3/80      AC:  3    Str:  7    XL:     15   Next: 54%
Magic:  22/22      EV: 42    Int: 17    God:    Dithmenos [******]
Gold:   1797       SH:  8    Dex: 20    Spells: 5 memorised, 9 levels left
                                        Lives:  0   Deaths: 3

rFire  . . .     SeeInvis +       - Unarmed
rCold  + . .     Gourm    .     (armour unavailable)
rNeg   . . .     Faith    .     (shield unavailable)
rPois  .         Spirit   .     (helmet unavailable)
rElec  .         Dismiss  .     (cloak unavailable)
rCorr  .         Reflect  +     (gloves unavailable)
SustAt .         Harm     .     (boots unavailable)
MR     ++...                    O - brooch of Shielding {Reflect SH+8}
Stlth  +++++++++.               H - +6 ring of evasion
                                B - +3 ring of slaying

@: wreathed by umbra, quick, very resistant to hostile enchantments, incredibly
stealthy
A: no armour, no weapons or thrown items, claws 1, fangs 3, see invisible,
carnivore 3, speed 1, shaggy fur 3, slow metabolism 1, sharp paws
a: Shadow Step, Shadow Form, Renounce Religion


You were on level 1 of the Elven Halls.
You worshipped Dithmenos.
Dithmenos was exalted by your worship.
You were completely stuffed.

You visited 7 branches of the dungeon, and saw 34 of its levels.
You also visited: Labyrinth and Bailey.

You collected 3125 gold pieces.
You spent 1328 gold pieces at shops.

Inventory:

Jewellery
 f - an uncursed ring of ice
 g - an uncursed ring of positive energy
 B - a +3 ring of slaying (left paw)
 E - an uncursed ring of wizardry
 H - a +6 ring of evasion (right paw)
 I - an uncursed amulet of dismissal
 J - an uncursed ring of sustain attributes
 N - an uncursed ring of flight
 O - the brooch of Shielding (around neck) {Reflect SH+8}
   (You found it on level 8 of the Lair of Beasts)

   [amulet of reflection]

   It shields you and reflects attacks.
   It affects your SH (+8).
 Y - an uncursed ring of fire
Wands
 a - a wand of digging (7/24)
 e - a wand of invisibility (5/9)
 k - a wand of paralysis (8/24)
 m - a wand of polymorph (10/24)
 y - a wand of confusion (21/48)
 D - a wand of disintegration (3/24)
 M - a wand of cold (10/15)
 R - a wand of draining (5/15)
 W - a wand of cold (7/15)
Scrolls
 c - 6 scrolls of teleportation {!r}
 j - 10 scrolls of identify
 o - 2 scrolls of magic mapping {!r}
 p - 3 scrolls of blinking
 q - 10 scrolls of remove curse
 t - a scroll of summoning {!r}
 v - a scroll of silence {!r}
 x - 4 scrolls of fog
 P - 2 scrolls of fear {!r}
 Q - a scroll of vulnerability {!r!r}
Potions
 b - 2 potions of curing
 i - 6 potions of agility {!q}
 l - 7 potions of haste {!q}
 r - 4 potions of might {!q}
 z - 3 potions of lignification {!q}
 A - a potion of invisibility {!q}
 G - 2 potions of cancellation {!q}
 S - 4 potions of heal wounds {!q}
Miscellaneous
 L - 2 phantom mirrors
 Z - a stone of tremors
Comestibles
 d - 18 meat rations {!e}
 w - 8 beef jerkies


   Skills:
 + Level 17.1 Fighting
 - Level 19.5 Dodging
 - Level 7.2 Stealth
 - Level 20.6 Unarmed Combat
 + Level 4.3 Spellcasting
 + Level 7.8 Hexes
 - Level 6.5 Translocations
 + Level 3.6 Poison Magic
 + Level 3.0 Evocations


You had 9 spell levels left.
You knew the following spells:

 Your Spells              Type           Power        Failure   Level  Hunger
a - Ensorcelled Hibernat  Hex/Ice        ###...       6%          2    ##.....
C - Cure Poison           Pois           ###.......   6%          2    ##.....
J - Blink                 Tloc           N/A          1%          2    ##.....
M - Repel Missiles        Chrm/Air       #.....       24%         2    ##.....
P - Phase Shift           Tloc           ####......   30%         5    ######.


Dungeon Overview and Level Annotations

Branches:
Dungeon (15/15)            Temple (1/1) D:5            Lair (8/8) D:9
  Swamp (4/4) Lair:5        Snake (3/4) Lair:4        Slime (0/6) Lair:7
    Orc (2/2) D:10            Elf (1/3) Orc:2        Vaults (0/5) D:14
 Depths (0/5) D:15

Altars:
Ashenzari
Cheibriados
Dithmenos
Elyvilon
Fedhas
Gozag
Kikubaaqudgha
Makhleb
Nemelex Xobeh
Okawaru
Pakellas
Qazlal
Ru
Sif Muna
Trog
Vehumet
Xom
Yredelemnul
Zin
The Shining One
Beogh
Jiyva

Shops:
D:6 [   D:11 [%:(:   Orc:2 ???}!

Annotations:
D:7 MordorOrchid's ghost, novice TrHu
D:8 Prince Ribbit
D:11 George's ghost, journeyman HOGl
D:13 Noname's ghost, journeyman DrCj
D:15 exclusion: Roxanne, Roxanne
Lair:6 Rupert
Snake:2 pUX: too dangerous!, Aizul; Vashnia


Innate Abilities, Weirdness & Mutations

You cannot wear armour.
You are incapable of wielding weapons or throwing items.
You have sharp claws.
You have razor-sharp teeth.
You have supernaturally acute eyesight.
You are carnivorous and can eat meat at any time.
You cover ground quickly.
Your thick and shaggy fur keeps you warm (AC +3, rC+).
You have a slow metabolism.
Your sharp claws are effective at attacking unaware monsters.


Message History

You mangle the deep elf knight!!
The deep elf knight's shroud falls apart!
You kill the deep elf knight!
Dithmenos accepts your kill.
You scratch the soul eater but do no damage.
You scratch the soul eater but do no damage.
You block the soul eater's attack.
You claw the soul eater!
The soul eater is lightly wounded.
You claw the soul eater!
The soul eater is moderately wounded.
The soul eater completely misses you.
You barely miss the soul eater.
The soul eater is moderately wounded.
The soul eater completely misses you.
You completely miss the soul eater.
The soul eater is moderately wounded.
You completely miss the soul eater.
The soul eater is moderately wounded.
The soul eater completely misses you.
You closely miss the soul eater.
The soul eater is moderately wounded.
You closely miss the soul eater. You claw the soul eater!
The soul eater is heavily wounded.
The deep elf sorcerer casts a spell.
The soul eater hits you!!
* * * LOW HITPOINT WARNING * * *
Damage: 21 (max 22)
You are too injured to fight recklessly!
You are too injured to fight recklessly!
You are too injured to fight recklessly!
You are too injured to fight recklessly!
You are too injured to fight recklessly!
You are too injured to fight recklessly!
You are too injured to fight recklessly!
You see here an arrow.
Things that are here:
a trident; a jewelled fluorescent wand The soul eater draws from the surrounding life force!
* * * LOW HITPOINT WARNING * * *
The soul eater is healed.
Damage: 8 (max 22) Unknown command.
Unknown command.
Unknown command.
Unknown command.
Unknown command.
A dancing weapon, an orc and 2 deep elf magi come into view.
The soul eater draws from the surrounding life force!
You die...

#.3).....#
#e#...#.##
#3#...#.#
#(#....'##
#3#..#...#
#.#.....e(
#.#.!.o..e.
#.#........
#.@.......
#.........
#.........
..........
##.........
..#.......
..#.......
#.# .......


You could see a deep elf sorcerer, 2 soul eaters, 2 deep elf magi, a glaive of
distortion (wandering) and an orc.

Vanquished Creatures
  Kirke (D:15)
  A thorn hunter (Swamp:3)
  A greater naga (Snake:3)
  Maud (D:14)
  Nessos (Lair:6)
  Azrael (Snake:2)
  4 dire elephants
  The ghost of WhatIsLove the Protected, a journeyman DsBe of Trog (Lair:3)
  A minotaur (Lab)
  2 ogre magi (D:15)
  Erolcha (D:12)
  10 hydras
  8 centaur warriors
  7 naga warriors
  A catoblepas (Lair:5)
  A ghost crab (Swamp:3)
  10 alligators
  6 anacondas
  6 orc high priests
  A thrashing horror (Swamp:4)
  2 dancing weapons (Elf:1)
  4 naga sharpshooters
  Sonja (D:14)
  6 shock serpents
  A deep elf knight (Elf:1)
  A shadow wraith (D:13)
  2 wizards (D:14)
  4 skeletal warriors
  A deep troll (D:14)
  2 salamander mystics
  4 swamp dragons
  3 naga ritualists
  2 shambling mangroves
  3 unseen horrors
  15 orc knights
  4 hill giants
  A large abomination (Swamp:4)
  4 spriggan druids
  An orc sorcerer (Orc:1)
  13 deep elf magi
  2 lindwurms
  2 griffons
  9 mana vipers
  31 ugly things
  10 salamanders
  5 cyclopes
  12 elephants (Lair:8)
  Maurice (D:8)
  17 black mambas
  Joseph (D:7)
  3 centaur zombies
  3 guardian serpents
  2 gargoyles
  12 naga magi
  27 spiny frogs
  The ghost of JokEr the Insei, a novice OpTm (D:5)
  2 fire drakes (Lair:7)
  2 kobold demonologists (Bailey)
  10 komodo dragons
  4 red devils
  A tengu conjurer (D:15)
  A minotaur zombie (Lab)
  6 giant leeches
  9 trolls
  21 slime creatures
  A wind drake (Bailey)
  A trapdoor spider zombie (D:8)
  A boulder beetle (Lair:8)
  9 bog bodies
  11 two-headed ogres
  6 shadows
  4 wraiths
  57 yaks
  A vampire (D:14)
  17 blink frogs
  12 spriggans
  2 hungry ghosts
  4 wyverns
  6 humans (Lair:4)
  2 basilisks
  A steam dragon (D:10)
  7 hippogriffs
  Grum (D:11)
  34 vampire mosquitoes
  17 wolves
  21 swamp worms
  3 wargs
  19 insubstantial wisps
  21 nagas
  A soldier ant (D:15)
  4 fire elementals (Snake:2)
  3 mottled dragons
  10 porcupines
  2 swamp drakes
  67 orc warriors
  A necrophage (D:6)
  9 water moccasins
  A black bear (D:10)
  5 sky beasts
  2 ice beasts
  3 phantoms
  13 centaurs
  18 ogres
  26 crocodiles
  9 wasps
  2 eyes of draining
  4 big kobolds
  27 giant frogs
  A water moccasin skeleton (D:7)
  11 killer bees
  8 electric eels
  14 wights
  4 giant frog zombies
  2 gnoll shamans
  9 jellies
  3 giant frog skeletons
  10 crimson imps
  29 orc priests
  28 orc wizards
  4 centaur skeletons
  19 worker ants
  Jessica (Lair:4)
  10 iguanas
  4 hell rats (Lair:3)
  8 hounds
  A killer bee zombie (D:6)
  18 sheep
  2 small abominations (Swamp:4)
  2 hound skeletons
  A worker ant zombie (D:5)
  16 gnolls
  11 adders
  60 river rats
  4 shadow imps
  An ooze (D:2)
  An adder zombie (D:7)
  An adder skeleton (D:4)
  A worm (D:2)
  5 giant geckos
  161 orcs
  2 ball pythons
  9 giant cockroaches
  16 goblins
  10 hobgoblins
  10 jackals
  5 quokkas
  16 bats
  3 giant newts (D:1)
  A jackal skeleton (D:4)
  10 kobolds
  20 rats
  3 plants (Lair:8)
1353 creatures vanquished.

Vanquished Creatures (others)
  A black mamba (Snake:2)
  3 humans (D:15)
  13 fungi
  10 plants
27 creatures vanquished.

Grand Total: 1380 creatures vanquished

Notes
Turn   | Place    | Note
--------------------------------------------------------------
     0 | D:1      | Gorice the Felid Wanderer began the quest for the Orb.
     0 | D:1      | Gorice set off with: a potion of heal wounds {!q}, a potion of curing, a scroll of teleportation {!r}, a meat ration {!e}
     0 | D:1      | Reached XP level 1. HP: 10/10 MP: 2/2
   129 | D:1      | HP: 2/10 [hobgoblin/club (8)]
   490 | D:1      | Reached XP level 2. HP: 14/14 MP: 3/3
  1031 | D:1      | HP: 4/14 [kobold/club (5)]
  1355 | D:1      | Reached XP level 3. HP: 17/17 MP: 4/4
  1883 | D:2      | Reached skill level 3 in Unarmed Combat
  2415 | D:2      | Reached XP level 4. HP: 21/21 MP: 5/5
  2773 | D:3      | Reached skill level 5 in Dodging
  2983 | D:2      | Found a glowing silver altar of Zin.
  3023 | D:3      | Found a faded altar to an unknown god.
  3554 | D:4      | Noticed an orc warrior
  3590 | D:4      | Noticed a phantom
  3601 | D:3      | Reached XP level 5. HP: 25/25 MP: 6/6
  3728 | D:4      | Reached skill level 4 in Fighting
  3728 | D:4      | Reached skill level 4 in Unarmed Combat
  4343 | D:4      | Gained mutation: You are covered in thick fur (AC +2). [Felid growth]
  4343 | D:4      | Reached XP level 6. HP: 17/28 MP: 7/7
  4777 | D:5      | Entered Level 5 of the Dungeon
  5109 | D:5      | Reached skill level 6 in Dodging
  5147 | D:5      | HP: 4/28 [phantom (7)]
  5153 | D:5      | HP: 1/28 [phantom (8)]
  5161 | D:5      | Reached skill level 5 in Unarmed Combat
  5726 | D:5      | Reached XP level 7. HP: 33/33 MP: 8/8
  5763 | D:5      | Found a deep blue altar of Sif Muna.
  5765 | D:5      | Found an ancient bone altar of Kikubaaqudgha.
  5765 | D:5      | Noticed JokEr's ghost (novice OpTm)
  5803 | D:5      | Found a staircase to the Ecumenical Temple.
  5813 | D:5      | HP: 9/33 [shadow imp (5)]
  5826 | Temple   | Entered the Ecumenical Temple
  6127 | Temple   | Became a worshipper of Dithmenos the Shadowed
  6308 | D:5      | HP: 6/33 [gnoll/club (6)]
  6321 | D:4      | HP: 6/33 [gnoll/club (2)]
  6337 | D:4      | HP: 1/33 [gnoll/club (6)]
  6595 | D:4      | Reached skill level 5 in Fighting
  6975 | D:6      | Reached skill level 6 in Unarmed Combat
  7083 | D:6      | Reached skill level 7 in Dodging
  7255 | D:6      | Found Joefeina's Antique Armour Shoppe.
  7311 | D:6      | You fall through a shaft for 3 floors!
  7311 | D:9      | Found a stormy altar of Qazlal.
  7525 | D:9      | Reached XP level 8. HP: 37/37 MP: 9/9
  7602 | D:9      | Reached * piety under Dithmenos
  7602 | D:9      | Reached skill level 7 in Unarmed Combat
  7840 | D:9      | Noticed a troll
  7945 | D:9      | Reached skill level 8 in Dodging
  7968 | D:9      | Found a sparkling altar of Nemelex Xobeh.
  7972 | D:9      | Reached skill level 6 in Fighting
  8196 | D:8      | Noticed Prince Ribbit
  8511 | D:6      | Reached skill level 8 in Unarmed Combat
  8592 | D:6      | Found a runed door.
  8759 | D:6      | HP: 8/39 [orc warrior/glaive (17)]
  9335 | D:6      | Reached XP level 9. HP: 42/42 MP: 10/10
  9605 | D:6      | Reached skill level 9 in Dodging
  9613 | D:6      | Reached ** piety under Dithmenos
  9636 | D:6      | Reached skill level 7 in Fighting
  9669 | D:6      | Reached skill level 9 in Unarmed Combat
  9698 | D:6      | HP: 9/43 [orc/hand axe (6)]
  9730 | D:5      | HP: 8/43 [giant frog zombie (5)]
  9733 | D:5      | HP: 3/43 [giant frog zombie (5)]
 10046 | D:6      | Found a roughly hewn altar of Beogh.
 10156 | D:5      | Found an iron altar of Okawaru.
 10156 | D:5      | Found a radiant altar of Vehumet.
 10159 | D:5      | Found a shimmering altar of Xom.
 10171 | D:5      | Killed JokEr's ghost
 10553 | D:4      | Found a basalt altar of Yredelemnul.
 10556 | D:4      | Noticed a profane servitor
 10567 | D:4      | Found a glowing golden altar of the Shining One.
 10570 | D:4      | Noticed an angel
 10780 | D:7      | Reached skill level 10 in Dodging
 10780 | D:7      | Reached skill level 10 in Unarmed Combat
 11028 | D:7      | Found an oddly glowing altar of Pakellas.
 11080 | D:7      | Noticed Joseph
 11261 | D:7      | Reached XP level 10. HP: 48/48 MP: 11/11
 11321 | D:7      | Noticed MordorOrchid's ghost (novice TrHu)
 11567 | D:7      | Reached skill level 8 in Fighting
 11616 | D:7      | Paralysed by Joseph for 7 turns
 11627 | D:7      | Killed Joseph
 11871 | D:8      | Noticed Maurice
 11929 | D:8      | Reached *** piety under Dithmenos
 12035 | D:8      | Killed Maurice
 12120 | D:8      | Reached skill level 11 in Unarmed Combat
 12125 | D:8      | Found a snail-covered altar of Cheibriados.
 12585 | D:8      | Reached skill level 11 in Dodging
 12832 | D:9      | Found a staircase to the Lair.
 13076 | D:9      | Noticed a deep elf mage
 13080 | D:9      | Killed a deep elf mage
 13123 | D:9      | Reached skill level 9 in Fighting
 13413 | Lair:1   | Entered Level 1 of the Lair of Beasts
 13528 | Lair:1   | HP: 14/49 [porcupine (7)]
 13699 | Lair:1   | Reached XP level 11. HP: 44/53 MP: 12/12
 14062 | Lair:1   | Reached skill level 12 in Unarmed Combat
 14836 | Lair:1   | Reached **** piety under Dithmenos
 15185 | Lair:2   | Reached skill level 12 in Dodging
 16957 | Lair:3   | Reached skill level 13 in Unarmed Combat
 17011 | Lair:2   | Reached skill level 10 in Fighting
 17398 | Lair:3   | Noticed WhatIsLove's ghost (journeyman DsBe)
 17450 | Lair:3   | Noticed a four-headed hydra
 17472 | Lair:3   | Killed a four-headed hydra
 17933 | Lair:3   | Reached skill level 13 in Dodging
 17933 | Lair:3   | Gained mutation: Your thick and shaggy fur keeps you warm (AC +3, rC+). [Felid growth]
 17933 | Lair:3   | Reached XP level 12. HP: 40/58 MP: 13/13
 18799 | Lair:4   | Reached skill level 14 in Unarmed Combat
 18804 | Lair:4   | Reached ***** piety under Dithmenos
 18839 | Lair:4   | Noticed Jessica
 18858 | Lair:4   | Killed Jessica
 19286 | Lair:4   | Found a staircase to the Snake Pit.
 19291 | Lair:4   | Reached skill level 11 in Fighting
 19533 | Lair:5   | Noticed a catoblepas
 19540 | Lair:5   | Killed a catoblepas
 19668 | Lair:5   | Found a staircase to the Swamp.
 19685 | Lair:5   | Noticed a five-headed hydra
 19694 | Lair:5   | HP: 17/60 [swamp dragon/blast of poison (13)]
 19704 | Lair:5   | HP: 18/60 [five-headed hydra (4)]
 19735 | Lair:5   | HP: 17/60 [five-headed hydra (7)]
 19737 | Lair:5   | HP: 5/60 [five-headed hydra (12)]
 20802 | Lair:6   | Reached skill level 14 in Dodging
 21258 | Lair:6   | Noticed a five-headed hydra
 21267 | Lair:6   | Killed a five-headed hydra
 21267 | Lair:6   | Reached skill level 15 in Unarmed Combat
 21323 | Lair:6   | Noticed Nessos
 21748 | Lair:6   | Killed Nessos
 21785 | Lair:6   | Noticed Rupert
 21807 | Lair:6   | Reached XP level 13. HP: 55/63 MP: 14/14
 22784 | Lair:7   | Found a viscous altar of Jiyva.
 22784 | Lair:7   | Found a staircase to the Slime Pits.
 23613 | Lair:7   | Reached skill level 12 in Fighting
 23654 | Lair:8   | Entered Level 8 of the Lair of Beasts
 23766 | Lair:8   | Reached skill level 15 in Dodging
 24136 | Lair:8   | Reached skill level 16 in Unarmed Combat
 25269 | Lair:8   | Noticed a dire elephant
 25269 | Lair:8   | Noticed a dire elephant
 25291 | Lair:8   | Noticed a dire elephant
 25567 | Lair:8   | Killed a dire elephant
 25598 | Lair:8   | Noticed a dire elephant
 25628 | Lair:8   | HP: 1/65 [dire elephant (33)]
 26428 | Lair:7   | Killed a dire elephant
 26632 | Lair:8   | Reached XP level 14. HP: 50/69 MP: 15/15
 27182 | D:10     | Entered Level 10 of the Dungeon
 27294 | D:10     | Found a staircase to the Orcish Mines.
 27313 | D:10     | Found a roughly hewn altar of Beogh.
 27340 | D:9      | Reached ****** piety under Dithmenos
 27961 | Orc:1    | Entered Level 1 of the Orcish Mines
 28125 | Orc:1    | Found a roughly hewn altar of Beogh.
 28165 | Orc:1    | Reached skill level 16 in Dodging
 28340 | Orc:1    | Reached skill level 13 in Fighting
 28433 | Orc:1    | Reached skill level 17 in Unarmed Combat
 28692 | Orc:2    | Entered Level 2 of the Orcish Mines
 28746 | Orc:2    | Found a staircase to the Elven Halls.
 29186 | Orc:2    | Found Myenytz's Distillery.
 29622 | Orc:2    | Bought 2 potions of curing for 108 gold pieces
 29622 | Orc:2    | Bought a potion of haste for 180 gold pieces
 29622 | Orc:2    | Bought a potion of haste for 180 gold pieces
 29622 | Orc:2    | Bought a potion of heal wounds for 90 gold pieces
 29622 | Orc:2    | Bought a potion of brilliance for 72 gold pieces
 29858 | Orc:2    | HP: 7/70 [orc knight/glaive (24)]
 30471 | Orc:2    | HP: 2/70 [orc knight/bolt (25)]
 30483 | Orc:2    | HP: 16/70 [orc high priest/divine providence (8)]
 31524 | Orc:2    | HP: 19/70 [deep elf mage/stone arrow (32)]
 32296 | Orc:2    | Reached skill level 14 in Fighting
 32355 | Orc:2    | Found Teusuet's Gadget Boutique.
 32356 | Orc:2    | Found Leorgh's Magic Scroll Boutique.
 32356 | Orc:2    | Found Kainkeit's Magic Scroll Shop.
 32359 | Orc:2    | Found Tikhlyl's Magic Scroll Boutique.
 32363 | Orc:2    | Bought a scroll of blinking for 82 gold pieces
 32370 | Orc:2    | Bought a scroll of blinking for 105 gold pieces
 32370 | Orc:2    | Bought a scroll of blinking for 105 gold pieces
 32371 | Orc:2    | Bought a scroll of summoning for 104 gold pieces
 32371 | Orc:2    | Bought a scroll of silence for 82 gold pieces
 32373 | Orc:2    | Identified a scroll of acquirement
 32515 | D:11     | Found Engas's Book Shoppe.
 32556 | D:11     | Noticed George's ghost (journeyman HOGl)
 32653 | D:11     | Found Avosusef's Book Shop.
 32810 | D:11     | HP: 19/72 [George's ghost (26)]
 33082 | D:11     | Noticed Grum
 33099 | D:11     | Killed Grum
 33155 | D:11     | Found Quujoen's Antique Armour Shoppe.
 33198 | D:11     | Found Ruynalui's Food Shoppe.
 33279 | D:11     | Found Baiclito's Antique Weapon Emporium.
 33838 | D:11     | HP: 21/72 [George's ghost (31)]
 33868 | D:11     | HP: 9/72 [George's ghost (17)]
 33869 | D:11     | Demolished by George's ghost
 33870 | D:11     | Reached XP level 13. HP: -20/67 MP: 14/14
 34253 | D:12     | Reached skill level 17 in Dodging
 34286 | D:12     | HP: 12/67 [cyclops/large rock (41)]
 34554 | D:11     | Reached XP level 14. HP: 72/72 MP: 15/15
 34753 | D:11     | Reached skill level 18 in Unarmed Combat
 35182 | D:12     | Noticed Erolcha
 35185 | D:12     | Killed Erolcha
 35510 | D:13     | Found a labyrinth entrance.
 35553 | Lab      | Entered a labyrinth
 35633 | Lab      | Got a twitching platinum ring
 35661 | Lab      | Identified the ring "Enuicrun" {Dex+6 SInv} (You found it in a labyrinth)
 35667 | Lab      | Learned a level 2 spell: Cure Poison
 35968 | D:13     | Found a white marble altar of Elyvilon.
 36037 | D:13     | Noticed Noname's ghost (journeyman DrCj)
 36336 | D:13     | Found a roughly hewn altar of Beogh.
 37176 | D:14     | Noticed Maud
 37200 | D:14     | Found a flagged portal.
 37526 | Bailey   | Entered a bailey
 37576 | Bailey   | Found an iron altar of Okawaru.
 37632 | Bailey   | Reached skill level 15 in Fighting
 37761 | Bailey   | Reached skill level 3 in Stealth
 38550 | D:14     | HP: 2/73 [wizard/fireball (48)]
 38780 | D:14     | Paralysed by a wizard for 4 turns
 38845 | D:14     | Found a gate to the Vaults.
 38941 | D:14     | Noticed Sonja
 38951 | D:14     | Killed Sonja
 38951 | D:14     | Reached skill level 4 in Stealth
 39129 | D:14     | Killed Maud
 39594 | D:14     | Reached skill level 5 in Stealth
 39614 | D:14     | HP: 21/73 [poisoned by a green ugly thing]
 39619 | D:14     | HP: 20/73 [poisoned by a green ugly thing]
 39625 | D:14     | HP: 19/73 [poisoned by a green ugly thing]
 39915 | D:14     | Reached XP level 15. HP: 77/77 MP: 16/16
 39919 | D:14     | Reached skill level 19 in Unarmed Combat
 40249 | D:15     | Entered Level 15 of the Dungeon
 40349 | D:15     | Reached skill level 18 in Dodging
 40706 | D:15     | Noticed Roxanne
 40834 | D:15     | Reached skill level 6 in Stealth
 40969 | D:15     | HP: 18/78 [two-headed ogre/giant club[an ogre mage] (14)]
 40974 | D:15     | HP: 10/78 [two-headed ogre/giant club[an ogre mage] (15)]
 41348 | D:15     | Noticed Kirke
 41361 | D:15     | Killed Kirke
 41361 | D:15     | Reached skill level 16 in Fighting
 41447 | D:15     | Found a staircase to the Depths.
 42025 | D:11     | Bought a book of Minor Magic for 220 gold pieces
 42028 | D:11     | Learned a level 2 spell: Blink
 42031 | D:11     | Learned a level 2 spell: Repel Missiles
 42145 | Lair:1   | Learned a level 2 spell: Ensorcelled Hibernation
 42271 | Snake:1  | Entered Level 1 of the Snake Pit
 42274 | Snake:1  | Reached skill level 7 in Stealth
 44227 | Snake:1  | HP: 22/79 [something (11)]
 44641 | Snake:2  | Noticed Vashnia
 44926 | Snake:2  | Noticed Aizul
 45135 | Snake:2  | Noticed Azrael
 45248 | Snake:2  | Killed Azrael
 45248 | Snake:2  | Reached XP level 16. HP: 70/83 MP: 17/17
 45338 | Snake:2  | Reached skill level 20 in Unarmed Combat
 46274 | Snake:2  | HP: 17/84 [Aizul/bolt of poison (22)]
 46675 | Swamp:1  | Entered Level 1 of the Swamp
 46804 | Swamp:1  | Reached skill level 1 in Hexes
 46863 | Swamp:1  | Reached skill level 1 in Translocations
 46958 | Swamp:1  | Reached skill level 2 in Hexes
 46995 | Swamp:1  | Reached skill level 17 in Fighting
 47041 | Swamp:1  | Reached skill level 2 in Translocations
 47379 | Swamp:1  | Reached skill level 19 in Dodging
 47379 | Swamp:1  | Reached skill level 3 in Hexes
 47387 | Swamp:1  | Reached skill level 3 in Translocations
 47586 | Swamp:1  | HP: 23/84 [alligator (21)]
 47591 | Swamp:1  | HP: 1/84 [alligator[an alligator] (23)]
 48117 | Swamp:2  | Reached skill level 4 in Translocations
 48179 | Swamp:2  | HP: 19/84 [spriggan druid/angry trees (12)]
 48180 | Swamp:2  | HP: 6/84 [spriggan druid/angry trees (14)]
 49283 | Swamp:3  | Reached skill level 4 in Hexes
 49358 | Swamp:2  | Reached skill level 5 in Translocations
 49522 | Swamp:3  | HP: 24/84 [swamp dragon (7)]
 49527 | Swamp:3  | HP: 22/84 [poison (poison gas)]
 49532 | Swamp:2  | HP: 19/84 [poison (poison gas)]
 49537 | Swamp:2  | HP: 17/84 [poison (poison gas)]
 49542 | Swamp:2  | HP: 16/84 [poison (poison gas)]
 49550 | Swamp:2  | HP: 16/84 [poison (poison gas)]
 49558 | Swamp:2  | HP: 16/84 [poison (poison gas)]
 49889 | Swamp:3  | HP: 8/84 [spriggan rider/spear (19)]
 50402 | Swamp:3  | HP: 24/84 [ghost crab][a spriggan druid] (9)]
 50700 | Swamp:2  | Reached skill level 1 in Spellcasting
 51510 | Swamp:3  | Reached skill level 5 in Hexes
 51679 | Swamp:2  | Reached skill level 6 in Translocations
 51754 | Swamp:3  | Reached skill level 2 in Spellcasting
 52434 | Lair:3   | Killed WhatIsLove's ghost
 52889 | Snake:3  | HP: 20/84 [greater naga/bolt of poison (49)]
 53412 | Snake:3  | Reached skill level 6 in Hexes
 53493 | Snake:3  | Reached skill level 1 in Poison Magic
 53975 | Snake:3  | Reached skill level 3 in Spellcasting
 53992 | Snake:3  | HP: 23/84 [salamander (9)]
 54383 | Snake:3  | Reached XP level 17. HP: 83/88 MP: 22/22
 54497 | Snake:2  | HP: 20/88 [shock serpent/bolt of electricity (23)]
 54500 | Snake:2  | HP: 2/88 [shock serpent/bolt of electricity (18)]
 54522 | Snake:3  | Shot with a bolt of flame by a naga sharpshooter
 54523 | Snake:3  | Reached XP level 16. HP: -14/84 MP: 21/21
 55228 | Snake:3  | Reached skill level 2 in Poison Magic
 56098 | Swamp:4  | Entered Level 4 of the Swamp
 56413 | Swamp:4  | Reached skill level 1 in Evocations
 56433 | Swamp:4  | Reached skill level 7 in Hexes
 56455 | Swamp:4  | HP: 25/84 [swamp dragon][a spriggan druid] (6)]
 56456 | Swamp:4  | HP: 10/84 [swamp dragon][a spriggan druid] (9)]
 56456 | Swamp:4  | HP: 1/84 [poisoned by a swamp dragon (poison gas)]
 56456 | Swamp:4  | Killed from afar by a swamp dragon
 56457 | Swamp:4  | Reached XP level 15. HP: -7/80 MP: 21/21
 56525 | Swamp:4  | Reached skill level 2 in Evocations
 56544 | Swamp:4  | Reached skill level 3 in Poison Magic
 56618 | Swamp:4  | Upgraded the game from 0.18-a0-844-g9229740 to 0.18-a0-846-g91b95b1
 56746 | Swamp:1  | HP: 6/80 [alligator (27)]
 56749 | Swamp:1  | Reached skill level 4 in Spellcasting
 57092 | Lair:1   | Learned a level 5 spell: Phase Shift
 57165 | Elf:1    | Entered Level 1 of the Elven Halls
 57448 | Elf:1    | Reached skill level 3 in Evocations
 57544 | Elf:1    | HP: 18/80 [soul eater[a deep elf sorcerer] (21)]
 57549 | Elf:1    | HP: 11/80 [soul eater/drain life[a deep elf sorcerer] (8)]
 57551 | Elf:1    | Killed from afar by a soul eater

Vault maps used:
D:1:      minmay_arrival_doors, roderic_roman_lattice, minmay_misc_feat_plants
D:2:      lemuel_upstairs_altar, moated_statue
D:3:      ecumenical_altar_1, first_bread
D:4:      grunt_temple_overflow_holy_war, st_stairs_10
D:5:      nicolae_overflow_hidden_temple, minmay_temple_entry_butterflies
D:6:      serial_shops, nicolae_shop_trees, lightli_church_of_beogh
D:7:      basic_altar, uniq_joseph
D:8:      basic_altar, uniq_maurice, uniq_prince_ribbit1
D:9:      lemuel_round_altar, grunt_lair_entry_orc_guard_hut,
          serial_column_ruins, column_ruins_square_medium,
          column_ruins_temple_hut, column_ruins_open_tiny,
          column_ruins_corridor_corner, column_ruins_open_small,
          column_ruins_corridor_corner
D:10:     minmay_orc_entry_temple_small
D:11:     serial_shops, shop_fountains, shop, shop, shop, shop, uniq_grum
D:12:     hangedman_ranch, einodemon_armed_red_devil_minivault, uniq_erolcha
D:13:     special_room, basic_altar, lab_entry_generic
D:14:     david_vaults_4, enter_bailey_2, uniq_maud, uniq_sonja
D:15:     grunt_enter_depths_magical_seal, grunt_decor_arrowhead, st_stairs_4,
          grunt_decor_mini_mirrors, uniq_kirke, uniq_roxanne
Temple:   circular_temple_12
Lair:1:   beast_lair_carwin_7, serial_bayou_shore_a, bh_autumn_forest_stairs
Lair:2:   minivault_27, wad_woods_01, grunt_megastairs_1
Lair:3:   infiniplex_staircase_pool_2
Lair:4:   erik_1, guppyfry_snake_entry_island, guppyfry_lair_drakes
Lair:5:   minmay_swamp_entry_reptiles
Lair:6:   uniq_nessos, uniq_rupert
Lair:7:   dpeg_slime_entry_enclosed_altar, grunt_megastairs_4
Lair:8:   due_jungle_book, grunt_megastairs_2, lemuel_fruit_tree
Swamp:1:  nicolae_swamp_dense_foliage
Swamp:2:  evilmike_swamp_ruin_wall
Swamp:3:  evilmike_swamp_ruin_rubble_1
Swamp:4:  swamp_vile
Snake:1:  special_room, spider_trap, grunt_megastairs_5
Snake:2:  uniq_aizul, uniq_vashnia, uniq_azrael
Snake:3:  serial_bayou_pond_c, st_stairs_8
Orc:1:    basic_altar
Orc:2:    st_orc_pillars, serial_shops, shop
Elf:1:    minmay_elf_arrival_plus, orc_legates, spider_trap,
          minmay_elf_annihilation
Lab:      labyrinth_hidden_loot, nicolae_lab_flowing_pool,
          nicolae_lab_very_dead_end, labyrinth_lava_lair, nicolae_lab_big_swirl,
          nicolae_lab_checkerboard, labyrinth_glass_1, nicolae_lab_starburst,
          labyrinth_skeletal_remains, nicolae_lab_lava
Bailey:   bailey_axe_of_yendor_kennysheep, bailey

Action                   |  1- 3 |  4- 6 |  7- 9 | 10-12 | 13-15 | 16-18 || total
-------------------------+-------+-------+-------+-------+-------+-------++-------
Melee: Unarmed           |   108 |   164 |   490 |   798 |  2366 |   769 ||  4695
 Cast: Cure Poison       |       |       |       |       |    11 |    10 ||    21
       Ensorcelled Hiber |       |       |       |       |       |     3 ||     3
       Blink             |       |       |       |       |       |     1 ||     1
Evoke: Wand              |       |     5 |    13 |     9 |    14 |     2 ||    43
       Stone of tremors  |       |       |       |       |     1 |     1 ||     2
  Use: Scroll            |     2 |     7 |     5 |    12 |     7 |    10 ||    43
       Potion            |       |     2 |     3 |     7 |     7 |     6 ||    25
 Stab: Sleeping          |    20 |    18 |    16 |    55 |   123 |    21 ||   253
       Distracted        |       |     1 |     4 |     4 |    26 |    11 ||    46
       Confused          |       |       |    10 |     2 |     1 |       ||    13
       Paralysed         |       |       |       |       |     2 |       ||     2
  Eat: Chunk             |    10 |     6 |    12 |    21 |    60 |    27 ||   136

Table legend:
 A = Turns spent in this place as a percentage of turns spent in the entire game.
 B = Non-inter-level travel turns spent in this place as a percentage of non-inter-level travel turns spent in the entire game.
 C = Inter-level travel turns spent in this place as a percentage of turns spent in this place.
 D = Turns resting spent in this place as a percentage of non-inter-level travel turns spent in this place.
 E = Turns spent auto-exploring this place as a percentage of non-inter-level travel turns spent in this place.
 F = Non-inter-level travel turns spent in this place divided by the number of levels of this place that you've seen.
                   A       B       C       D       E      F
               +-------+-------+-------+-------+-------+----------------------
         Total | 100.0 | 100.0 |   0.5 |   3.0 |   3.1 | 607.2
       Dungeon |  41.1 |  41.1 |   0.6 |   2.3 |   3.7 | 598.4
        Temple |   0.5 |   0.5 |   1.0 |   1.9 |   8.7 | 103.0
          Lair |  23.0 |  22.9 |   0.7 |   2.7 |   3.4 | 626.5
         Swamp |  10.5 |  10.5 |   0.5 |   3.2 |   3.0 | 573.5
     Snake Pit |  10.2 |  10.2 |   0.5 |   5.9 |   2.7 | 746.7
  Orcish Mines |  10.7 |  10.8 |   0.3 |   3.7 |   1.0 | 1175.0
   Elven Halls |   0.9 |   0.9 |   0.0 |   4.0 |   3.5 | 201.0
     Labyrinth |   0.5 |   0.5 |   0.0 |   0.0 |   0.0 | 120.0
        Bailey |   2.6 |   2.6 |   0.0 |   1.8 |   0.5 | 562.0
               +-------+-------+-------+-------+-------+----------------------

Vault maps used:
D:1:      minmay_arrival_doors, roderic_roman_lattice, minmay_misc_feat_plants
D:2:      lemuel_upstairs_altar, moated_statue
D:3:      ecumenical_altar_1, first_bread
D:4:      grunt_temple_overflow_holy_war, st_stairs_10
D:5:      nicolae_overflow_hidden_temple, minmay_temple_entry_butterflies
D:6:      serial_shops, nicolae_shop_trees, lightli_church_of_beogh
D:7:      basic_altar, uniq_joseph
D:8:      basic_altar, uniq_maurice, uniq_prince_ribbit1
D:9:      lemuel_round_altar, grunt_lair_entry_orc_guard_hut,
          serial_column_ruins, column_ruins_square_medium,
          column_ruins_temple_hut, column_ruins_open_tiny,
          column_ruins_corridor_corner, column_ruins_open_small,
          column_ruins_corridor_corner
D:10:     minmay_orc_entry_temple_small
D:11:     serial_shops, shop_fountains, shop, shop, shop, shop, uniq_grum
D:12:     hangedman_ranch, einodemon_armed_red_devil_minivault, uniq_erolcha
D:13:     special_room, basic_altar, lab_entry_generic
D:14:     david_vaults_4, enter_bailey_2, uniq_maud, uniq_sonja
D:15:     grunt_enter_depths_magical_seal, grunt_decor_arrowhead, st_stairs_4,
          grunt_decor_mini_mirrors, uniq_kirke, uniq_roxanne
Temple:   circular_temple_12
Lair:1:   beast_lair_carwin_7, serial_bayou_shore_a, bh_autumn_forest_stairs
Lair:2:   minivault_27, wad_woods_01, grunt_megastairs_1
Lair:3:   infiniplex_staircase_pool_2
Lair:4:   erik_1, guppyfry_snake_entry_island, guppyfry_lair_drakes
Lair:5:   minmay_swamp_entry_reptiles
Lair:6:   uniq_nessos, uniq_rupert
Lair:7:   dpeg_slime_entry_enclosed_altar, grunt_megastairs_4
Lair:8:   due_jungle_book, grunt_megastairs_2, lemuel_fruit_tree
Swamp:1:  nicolae_swamp_dense_foliage
Swamp:2:  evilmike_swamp_ruin_wall
Swamp:3:  evilmike_swamp_ruin_rubble_1
Swamp:4:  swamp_vile
Snake:1:  special_room, spider_trap, grunt_megastairs_5
Snake:2:  uniq_aizul, uniq_vashnia, uniq_azrael
Snake:3:  serial_bayou_pond_c, st_stairs_8
Orc:1:    basic_altar
Orc:2:    st_orc_pillars, serial_shops, shop
Elf:1:    minmay_elf_arrival_plus, orc_legates, spider_trap,
          minmay_elf_annihilation
Lab:      labyrinth_hidden_loot, nicolae_lab_flowing_pool,
          nicolae_lab_very_dead_end, labyrinth_lava_lair, nicolae_lab_big_swirl,
          nicolae_lab_checkerboard, labyrinth_glass_1, nicolae_lab_starburst,
          labyrinth_skeletal_remains, nicolae_lab_lava
Bailey:   bailey_axe_of_yendor_kennysheep, bailey
